 Dungeon Sprint DCSS version 0.29-a0-925-g0a7a3d12f8 (webtiles) character file.

Game seed: 4767370507066524082

7508 Hipnos the Imperceptible (level 10, -4/49 HPs)
             Began as a Spriggan Enchanter on July 28, 2022.
             Was a Priest of Dithmenos.
             Killed from afar by a crystal guardian (23 damage)
             ... with a crystal bolt
             ... in the Dungeon (Sprint II: "The Violet Keep of Menkaure").
             The game lasted 00:12:18 (1499 turns).

Hipnos the Imperceptible (Spriggan Enchanter)       Turns: 1499, Time: 00:12:19

Health: -4/49      AC:  2    Str:  4    XL:     10   Next: 95%
Magic:  18/27      EV: 24    Int: 19    God:    Dithmenos [***...]
Gold:   477        SH:  5    Dex: 18    Spells: 23/34 levels left

rFire   . . .      SeeInvis +   a - +1 dagger
rCold   . . .      Faith    .   (no shield)
rNeg    + . .      Spirit   .   b - +0 robe
rPois   .          Reflect  +   (helmet restricted)
rElec   .          Harm     .   s - scarf {repulsion}
rCorr   .          Rampage  .   (gloves unavailable)
Will    +....      NoTele   +   (boots unavailable) Stlth *+++++++++
                                t - amulet of reflection
HPRegen 0.16/turn               j - ring of wizardry
MPRegen 0.20/turn               w - ring of positive energy

@: wreathed by umbra, repel missiles, very quick
A: very small, no large weapons, unfitting armour, see invisible, speed 3
a: Renounce Religion, Shadow Step


You were in the Dungeon.
You worshipped Dithmenos.
Dithmenos was most pleased with you.
You visited 1 branch You collected 1329 gold pieces.
You spent 852 gold pieces at shops.

Inventory:

Hand Weapons
 a - a +1 dagger (weapon)
Armour
 b - a +0 robe (worn)
 h - a +0 cloak of willpower
 s - a scarf of repulsion (worn)
 y - a +0 pair of gloves
Magical Staves
 q - a staff of conjuration
Jewellery
 j - a ring of wizardry (left hand)
 t - an amulet of reflection (around neck)
 w - a ring of positive energy (right hand)
Scrolls
 k - 2 scrolls of identify {unknown}
 n - a scroll of fear {unknown}
 p - 2 scrolls of butterflies {unknown}
 r - a scroll of amnesia {unknown}
 v - a scroll of vulnerability {unknown}
Potions
 c - 2 potions of invisibility
 e - a potion of heal wounds
 f - a potion of haste
 g - 5 potions of magic
 l - 3 potions of lignification {unknown}
 m - 2 potions of attraction {unknown}
 o - 5 potions of resistance {unknown}
 u - 4 potions of flight {unknown}
 x - 2 potions of cancellation {unknown}


   Skills:
 + Level 3.3 Fighting
 + Level 8.4 Short Blades
 + Level 10.2 Dodging
 + Level 22.0 Stealth
 + Level 1.3 Shields
 + Level 12.9 Spellcasting
 + Level 1.0 Conjurations
 + Level 15.7 Hexes
 + Level 3.2 Ice Magic


You had 23 spell levels left.
You knew the following spells:

 Your Spells              Type           Power      Damage    Failure   Level
a - Confusing Touch       Hex            64%        N/A       1%          3
b - Ensorcelled Hibernat  Hex/Ice        96%        N/A       1%          2
c - Tukima's Dance        Hex            64%        N/A       1%          3
d - Dazzling Flash        Conj/Hex       88%        N/A       1%          3

Your spell library contained the following spells:

 Spells                   Type           Power      Damage    Failure   Level


Dungeon Overview and Level Annotations

Branches:
Dungeon (1/1)

Altars:
Cheibriados
Dithmenos
Elyvilon
Fedhas
Gozag
Hepliaklqana
Kikubaaqudgha
Makhleb
Nemelex Xobeh
Okawaru
Qazlal
Ru
Sif Muna
Trog
Uskayaw
Vehumet
Wu Jian
Xom
Yredelemnul
Zin
The Shining One
Jiyva
Lugonu

Shops:
D :(:[::==*?![[![

Annotations:
D exclusion: oklob plant


Innate Abilities, Weirdness & Mutations

You are very small and have problems with some larger weapons.
You are too small for most types of armour.
You have supernaturally acute eyesight. (SInv)
You cover ground extremely quickly. (Speed+++)


Message History

Really walk into a travel-excluded area?
Casting: Ensorcelled Hibernation (safe; 1% risk of failure)
Confirm with . or Enter, or press ? or * to list all spells.
Aiming: Ensorcelled Hibernation (safe; 1% risk of failure)
Press: ? - help, Shift-Dir - straight line, f - death drake
Aim: a death drake (wandering, hasn't noticed you, chance to affect: 53%)
The death drake hisses angrily.
The death drake resists with some effort.
Casting: Ensorcelled Hibernation (safe; 1% risk of failure)
Confirm with . or Enter, or press ? or * to list all spells.
Aiming: Ensorcelled Hibernation (safe; 1% risk of failure)
Press: ? - help, Shift-Dir - straight line, f/p - death drake
Aim: a death drake (umbra, chance to affect: 53%)
The death drake looks drowsy...
Casting: Ensorcelled Hibernation (safe; 1% risk of failure)
Confirm with . or Enter, or press ? or * to list all spells.
You can't see any susceptible monsters within range! (Use Z to cast anyway.)
Casting: Ensorcelled Hibernation (safe; 1% risk of failure)
Confirm with . or Enter, or press ? or * to list all spells.
Your hands begin to glow red.
You hit the crystal guardian but do no damage.
The crystal guardian is completely immune to your confusing touch!
Your hands stop glowing.
The crystal guardian completely misses you.
You hit the crystal guardian but do no damage.
You hit the crystal guardian but do no damage.
The crystal guardian hits you!!
Ouch! That really hurt!
You emit a cloud of dark smoke.
The death drake hisses angrily.
Casting: Confusing Touch (safe; 1% risk of failure)
Confirm with . or Enter, or press ? or * to list all spells.
Okay, then.
Casting: Confusing Touch (safe; 1% risk of failure)
Confirm with . or Enter, or press ? or * to list all spells.
Casting: Dazzling Flash (safe; 1% risk of failure)
Press: ? - help, Dir - look around, f - activate The crystal guardian fires a crystalline bolt at you.
The crystal bolt burns you!!
You die...

... ..#°.#○○▓....([.(▓▓ #+##..
#.#k9#))▓[..[.)..▓▓ .#.##.####
+.##.#:"▓.....[.)▓▓ .#..# ...#
#...####▓.)()..))▓▓
.#†####..#####..##.#▓..(.))).▓▓
#'###.##..#..'..#.)#▓..).(...▓▓
#.###..#..#†○#§k#..#▓...(..).▓▓
÷<.'##.+..####§9##÷#▓[......)▓▓
#.##.#.#...§###§@.##▓▓▓▓▓▓▓Λ▓▓▓▓+
#'###.##......≈§§≈≈≈≈≈≈≈≈≈≈.\wX≈≈
...####≈≈§.§..≈#'########+###Vww≈
.#††#≈§≈≈≈≈§..≈#._._._..#S≈≈##≈≈≈
.#.##≈§≈§≈≈≈≈.≈#.._._._.#S≈≈≈ ###
#+##≈≈≈≈≈§§≈§≈≈#._._._._#§≈§§≈#
≈≈≈≈≈≈≈≈§§§§§≈≈#_._._._.#§§§§≈≈
+#+++#≈§§§§§≈≈≈#._._._..#≈§§§§≈
≈S≈§ ##§§≈###≈≈#_._._...#≈§§≈S


You could see a death drake and a crystal guardian.

Vanquished Creatures
  2 boulder beetles (D)
  A death drake (D)
  3 manticores (D)
  3 polar bears (D)
  A hornet (D)
  A blink frog (D)
  2 wyverns (D)
  4 neqoxecs (D)
  A water moccasin (D)
  A swamp drake (D)
  4 necrophages (D)
23 creatures vanquished.

Vanquished Creatures (collateral kills)
  A yaktaur (D)
1 creature vanquished.

Vanquished Creatures (others)
  Menkaure (D)
  A water moccasin (D)
  8 tentacles (D)
10 creatures vanquished.

Grand Total: 34 creatures vanquished

Notes
Turn   | Place    | Note
-------+----------+-------------------------------------------
     0 | D        | Hipnos the Spriggan Enchanter began the quest for the Orb.
     0 | D        | Reached XP level 1. HP: 9/9 MP: 5/5
     1 | D        | Noticed a wyvern
     1 | D        | Noticed a wyvern
     8 | D        | Killed a wyvern
     9 | D        | Reached skill level 9 in Stealth
     9 | D        | Reached skill level 5 in Spellcasting
     9 | D        | Reached XP level 2. HP: 13/13 MP: 6/9
     9 | D        | Reached XP level 3. HP: 16/16 MP: 6/10
     9 | D        | Reached XP level 4. HP: 21/21 MP: 7/12
     9 | D        | Reached XP level 5. HP: 24/24 MP: 7/13
    25 | D        | Killed Menkaure
    29 | D        | Killed a water moccasin
    47 | D        | Killed a wyvern
    48 | D        | Reached skill level 5 in Dodging
    48 | D        | Reached skill level 11 in Stealth
    48 | D        | Reached skill level 10 in Hexes
    48 | D        | Reached XP level 6. HP: 28/28 MP: 13/16
    68 | D        | Noticed a boulder beetle
    68 | D        | Noticed a boulder beetle
    71 | D        | Noticed a neqoxec
    77 | D        | Learned a level 3 spell: Confusing Touch
    80 | D        | Learned a level 2 spell: Ensorcelled Hibernation
    84 | D        | Learned a level 3 spell: Tukima's Dance
    88 | D        | Learned a level 3 spell: Dazzling Flash
    92 | D        | Killed a neqoxec
    93 | D        | Reached skill level 13 in Stealth
    95 | D        | Noticed a neqoxec
    97 | D        | Noticed a neqoxec
    97 | D        | Noticed a neqoxec
   108 | D        | Killed a neqoxec
   109 | D        | Reached skill level 14 in Stealth
   109 | D        | Reached XP level 7. HP: 32/32 MP: 7/19
   110 | D        | Killed a neqoxec
   140 | D        | Killed a neqoxec
   141 | D        | Reached skill level 15 in Stealth
   259 | D        | Reached skill level 1 in Ice Magic
   294 | D        | Reached skill level 16 in Stealth
   294 | D        | Reached XP level 8. HP: 29/36 MP: 14/22
   359 | D        | Killed a boulder beetle
   360 | D        | Reached skill level 1 in Fighting
   360 | D        | Reached skill level 17 in Stealth
   360 | D        | Reached skill level 10 in Spellcasting
   361 | D        | Killed a boulder beetle
   362 | D        | Reached skill level 18 in Stealth
   362 | D        | Reached XP level 9. HP: 42/42 MP: 19/24
   397 | D        | Found Nouvo Idauts's Antique Armour Shoppe.
   397 | D        | Found Bigoumato's Distillery.
   397 | D        | Found Cethox Ovap's Distillery.
   397 | D        | Found Ahuust's Antique Armour Emporium.
   397 | D        | Found Fiuloimp's General Store.
   397 | D        | Found Keniy's Magic Scroll Shoppe.
   398 | D        | Found Cugauw's Jewellery Emporium.
   399 | D        | Found Ixzyeck's Jewellery Shoppe.
   399 | D        | Found Zaruant's Book Emporium.
   400 | D        | Found Feiz Ole's Antique Armour Emporium.
   401 | D        | Found Byehiwal's Book Shoppe.
   401 | D        | Found Noafrahe's Antique Armour Emporium.
   401 | D        | Noticed an oklob plant
   402 | D        | Found Syfasm's Antique Weapon Shoppe.
   402 | D        | Found Xyonoph's Book Emporium.
   402 | D        | Found Reizena's Book Shoppe.
   423 | D        | Bought a potion of experience for 650 gold pieces
   423 | D        | Reached XP level 10. HP: 47/47 MP: 24/26
   434 | D        | Reached skill level 19 in Stealth
   460 | D        | Bought an embroidered cloak for 202 gold pieces
   484 | D        | Found a glowing silver altar of Zin.
   485 | D        | Found a glowing golden altar of the Shining One.
   485 | D        | Found a basalt altar of Yredelemnul.
   485 | D        | Found a hide-covered altar of Uskayaw.
   486 | D        | Found a shimmering altar of Xom.
   486 | D        | Found a bloodstained altar of Trog.
   487 | D        | Found an ornate altar of the Wu Jian Council.
   487 | D        | Found a shimmering blue altar of Sif Muna.
   487 | D        | Found a corrupted altar of Lugonu.
   487 | D        | Found a radiant altar of Vehumet.
   487 | D        | Found a burning altar of Makhleb.
   488 | D        | Found a sacrificial altar of Ru.
   488 | D        | Found an ancient bone altar of Kikubaaqudgha.
   488 | D        | Found a white marble altar of Elyvilon.
   504 | D        | Found a stormy altar of Qazlal.
   504 | D        | Found a viscous altar of Jiyva.
   504 | D        | Found a shadowy altar of Dithmenos.
   577 | D        | Found a hazy altar of Hepliaklqana.
   577 | D        | Found a snail-covered altar of Cheibriados.
   579 | D        | Found a sparkling altar of Nemelex Xobeh.
   579 | D        | Found a blossoming altar of Fedhas.
   580 | D        | Found an iron altar of Okawaru.
   580 | D        | Found an opulent altar of Gozag.
   589 | D        | Became a worshipper of Dithmenos the Shadowed
   677 | D        | Noticed a kraken
  1071 | D        | Reached * piety under Dithmenos
  1072 | D        | Reached skill level 20 in Stealth
  1092 | D        | Reached skill level 15 in Hexes
  1186 | D        | Noticed a death drake
  1188 | D        | Noticed a manticore
  1189 | D        | Noticed a manticore
  1189 | D        | Noticed a manticore
  1190 | D        | Killed a manticore
  1190 | D        | Reached ** piety under Dithmenos
  1191 | D        | Reached skill level 21 in Stealth
  1194 | D        | Killed a manticore
  1195 | D        | Reached skill level 10 in Dodging
  1195 | D        | Reached skill level 1 in Shields
  1196 | D        | Killed a manticore
  1233 | D        | Noticed a death drake
  1233 | D        | Noticed a crystal guardian
  1481 | D        | Killed a death drake
  1481 | D        | Reached *** piety under Dithmenos
  1482 | D        | Reached skill level 22 in Stealth
  1482 | D        | Reached skill level 1 in Conjurations
  1499 | D        | Killed from afar by a crystal guardian

Illustrated notes

Levels and vault maps discovered:
D:        the_violet_keep_of_menkaure [sprint2_stairs_cluster_1,
          sprint2_shoproom, sprint2_temple, sprint2_basic_supplies,
          sprint2_obstacle_7, sprint2_obstacle_1, sprint2_obstacle_2,
          sprint2_obstacle_5, sprint2_obstacle_4, sprint2_timed_cluster_1,
          sprint2_smallroom_cluster_1, sprint2_smallroom_final_cluster_1,
          sprint2_transparent_cluster_1, sprint2_second_timed_cluster_1,
          sprint2_sniper_area_1, sprint2_heavy_combat_area_1,
          sprint2_mutation_trap_area_1, sprint2_forest_area_1,
          sprint2_light_combat_area_1, sprint2_behind_water_1,
          sprint2_near_end_vault_1]

Skill      XL: |  1  2  3  4  5  6  7  8  9 10 |
---------------+-------------------------------+-----
Dodging        | 4 5 6 7 8 10 | 10.2
Stealth        | 9 11 14 16 18 22 | 22.0
Spellcasting   | 5 6 7 9 10 11 12 | 12.9
Hexes          | 8 10 12 13 14 15 | 15.7
Short Blades   | 2 6 7 8 |  8.4
Ice Magic      | 1 2 3 |  3.2
Fighting       | 1 2 3 |  3.3
Shields        | 1 |  1.3
Conjurations   | 1 |  1.0

Action                   |  1- 3 |  4- 6 |  7- 9 | 10-12 || total
-------------------------+-------+-------+-------+-------++-------
Melee: Dagger            |     5 |     9 |    48 |    44 ||   106
 Cast: Ensorcelled Hiber |       |     4 |     3 |     9 ||    16
       Confusing Touch   |       |     1 |     4 |     9 ||    14
       Dazzling Flash    |       |       |       |     4 ||     4
       Tukima's Dance    |       |       |       |     1 ||     1
  Use: Potion            |     1 |       |     1 |     2 ||     4
       Scroll            |       |       |       |     2 ||     2
 Stab: Sleeping          |       |     3 |     5 |     9 ||    17
       Confused          |       |     2 |     3 |     2 ||     7
       Distracted        |       |       |       |     1 ||     1
       Invisible         |       |       |       |     1 ||     1
Armor: Robe              |       |       |     1 |     2 ||     3
Dodge: Dodged            |     4 |     4 |    40 |    33 ||    81
       Repelled          |       |       |       |     1 ||     1
Block: Other             |       |       |       |    11 ||    11

Table legend: (Time is in decaauts)
 A = Elapsed time spent in this place.
 B = Non-inter-level travel time spent in this place.
 C = Inter-level travel time spent in this place.
 D = Time resting spent in this place.
 E = Time spent auto-exploring this place.
 F = Levels seen in this place.
 G = Mean time per level.
                   A        B        C        D        E       F      G
               +--------+--------+--------+--------+--------+-----+--------+
         Total |   1394 |   1394 |      0 |    952 |      0 |   1 | 1394.0 |
       Dungeon |   1394 |   1394 |      0 |    952 |      0 |   1 | 1394.0 |
               +--------+--------+--------+--------+--------+-----+--------+

Top non-repeatable levels by time:
       D: 1394 daAuts
